 Dungeon Crawl Stone Soup version 0.31-a0-963-ga325b2283a (webtiles) character file.

Game seed: 13387251268717743780

1710 Shayle the Fighter (level 9, 0/75 (97) HPs)
             Began as an Ogre Hexslinger on Oct 25, 2023.
             Slain by an orc priest
             ... wielding the +9 hand axe "Leria" {flame, rN+ Will+ Int+3}
              (1 damage)
             ... on level 7 of the Dungeon.
             The game lasted 00:16:17 (8044 turns).

Shayle the Fighter (Ogre Hexslinger)                Turns: 8044, Time: 00:16:17

HP:   0/75 (97)     AC:  3    Str: 14    XL:     9   Next: 3%
MP:   8/10          EV: 11    Int: 18    God:
Gold: 191           SH:  0    Dex: 11    Spells: 5/10 levels left

rFire   . . .        a - +1 sling
rCold   . . .        (no shield)
rNeg    . . .        c - +0 robe
rPois   .            (helmet restricted)
rElec   .            (no cloak)
rCorr   .            (gloves unavailable)
SInv    .            (boots unavailable)
Will    .....        f - amulet of magic regeneration
Stlth   +            (no ring)
HPRegen 0.32/turn    (no ring)
MPRegen 0.52/turn

%: no passive effects
@: weak-willed, very slightly contaminated, heavily drained
A: large, unfitting armour, tough skin 1
a: no special abilities


You were on level 7 of the Dungeon.
You visited 1 branch of the dungeon, and saw 7 of its levels.

You collected 312 gold pieces.
You spent 121 gold pieces at shops.

Inventory:

Hand Weapons
 a - a +1 sling (weapon)
Missiles
 p - 2 throwing nets
Armour
 c - a +0 robe (worn)
Jewellery
 f - an amulet of magic regeneration (around neck)
 h - a ring of willpower
Wands
 k - a wand of digging (6)
 l - a wand of flame (9)
Scrolls
 b - 5 scrolls of poison
 e - a scroll of fog
 m - a scroll of teleportation
 o - a scroll of enchant weapon
Potions
 d - 2 potions of curing
 g - 2 potions of resistance
 i - 2 potions of enlightenment
 j - a potion of might {unknown}
 n - a potion of haste {unknown}
 q - a potion of brilliance {unknown}
 s - a potion of attraction {unknown}
 t - a potion of mutation {unknown}


   Skills:
 + Level 8.6 Fighting
 - Level 1.3 Ranged Weapons
 + Level 6.1 Dodging
 + Level 5.7 Unarmed Combat
 - Level 1.2 Spellcasting
 - Level 2.6 Hexes
 - Level 0.8 Fire Magic


You had 5 spell levels left.
You knew the following spells:

 Your Spells              Type           Power      Damage    Failure   Level
a - Jinxbite              Hex            20%        N/A       10%         2
b - Mephitic Cloud        Conj/Pois/Air  1%         N/A       52%         3

Your spell library contained the following spells:

 Spells                   Type           Power      Damage    Failure   Level
 Ensorcelled Hibernation  Hex/Ice        10%        N/A       17%         2
 Magic Dart               Conj           4%         1d3       21%         1
 Sigil of Binding         Hex            10%        N/A       21%         3
 Inner Flame              Hex/Fire       7%         N/A       28%         3
 Call Imp                 Summ           2%         N/A       30%         2
 Poisonous Vapours        Pois/Air       2%         N/A       30%         2
 Cause Fear               Hex            5%         N/A       54%         4
 Anguish                  Hex/Necr       2%         N/A       75%         4
 Dimensional Bullseye     Hex/Tloc       2%         N/A       75%         4
 Freezing Cloud           Conj/Ice/Air   0%         6-21      99%         5
 Conjure Ball Lightning   Conj/Air       0%         3x3d6     100%        6
 Discord                  Hex            5%         N/A       100%        8
 Disjunction              Tloc           0%         N/A       100%        8


Dungeon Overview and Level Annotations

Branches:
Dungeon (7/15)
 Temple: D:4-7

Altars:
Fedhas
Kikubaaqudgha
Okawaru
Sif Muna
Uskayaw
Vehumet
Xom
Zin

Shops:
D:2 !   D:3 *


Innate Abilities, Weirdness & Mutations

You are too large for most types of armour.
You have tough skin. (AC +1)


Message History

Pain shoots through your body!
You shoot a sling bullet.
The sling bullet hits the orc priest but does no damage.
The orc priest hits you with the +9 hand axe "Leria" {flame, rN+ Will+ Int+3}!
The orc priest burns you.
You shoot a sling bullet. The sling bullet hits the orc priest.
The orc priest is moderately wounded.
The orc priest hits you with the +9 hand axe "Leria" {flame, rN+ Will+ Int+3}!
The orc priest burns you.
The orc priest hits you with the +9 hand axe "Leria" {flame, rN+ Will+ Int+3}.
The orc priest burns you.
Aiming: Throw Flame
Press: ? - help, Shift-Dir - straight line, f/p - orc priest
Aim: an orc priest, wielding the +9 hand axe "Leria" {flame, rN+ Will+ Int+3} and wearing a +0 leather armour (moderately wounded, chance to call a sprite on attack: 14%, 68% to hit)
The puff of flame misses the orc priest.
The orc priest looks braver for a moment.
Okay, then.
Okay, then.
You shoot a sling bullet.
The sling bullet hits the orc priest but does no damage.
The orc priest is moderately wounded.
The orc priest barely misses you.
You shoot a sling bullet. The sling bullet hits the orc priest.
The orc priest is heavily wounded.
A giggling sprite leaps out and bonks the orc priest with the +9 hand axe "Leria" {flame, rN+ Will+ Int+3}.
The orc priest is severely wounded.
The jinxing sprites lose interest in you.
The orc priest hits you with the +9 hand axe "Leria" {flame, rN+ Will+ Int+3}!
* * * LOW HITPOINT WARNING * * *
The orc priest burns you.
* * * LOW HITPOINT WARNING * * *
Casting: Jinxbite (safe; 10% risk of failure)
Confirm with . or Enter, or press ? or * to list all spells.
You miscast Jinxbite.
You are very lightly contaminated with residual magic.
Nothing appears to happen.
The orc priest hits you with the +9 hand axe "Leria" {flame, rN+ Will+ Int+3}!
* * * LOW HITPOINT WARNING * * *
The orc priest burns you.
You die...

#......#..............#.
#......#'###############
#............# ####
#######......# #...
#....'......# #. #...
#....#......# #.. #...
#....#......# #..###.
#....#......# ##..####
#....#@.....# +....<..
######.o....+ #.....).
.......# #.......
........# ##..###.
...####)... ##..####
.... .... #....... .....
.). +....... ###### ..
#+####.. ###(.


You could see an orc priest (very drained).

Vanquished Creatures
  4 yaks
  An ice beast (D:5)
  2 phantoms (D:5)
  4 wights
  An electric eel (D:6)
  A howler monkey (D:4)
  2 orc priests
  3 hounds
  3 jellies
  2 iguanas
  2 orc wizards (D:5)
  2 sleepcaps
  Ijyb (D:3)
  3 gnolls (D:4)
  6 adders
  A shadow imp (D:6)
  A white imp (D:5)
  3 ufetubi (D:6)
  A worm (D:4)
  2 dart slugs (D:3)
  10 orcs
  9 ball pythons
  6 bats
  6 endoplasms
  3 giant cockroaches
  8 goblins
  3 hobgoblins
  4 jackals
  5 quokkas
  4 frilled lizards
  8 kobolds
  5 rats
116 creatures vanquished.

Vanquished Creatures (others)
  An orc (D:6)
1 creature vanquished.

Grand Total: 117 creatures vanquished

Notes
Turn   | Place    | Note
-------+----------+-------------------------------------------
     0 | D:1      | Shayle the Ogre Hexslinger began the quest for the Orb.
     0 | D:1      | Reached XP level 1. HP: 19/19 MP: 2/2
   158 | D:1      | Reached XP level 2. HP: 28/28 MP: 3/3
   161 | D:1      | Learned a level 2 spell: Jinxbite
   232 | D:1      | Reached skill level 2 in Fighting
   467 | D:1      | Reached skill level 1 in Unarmed Combat
   878 | D:2      | Reached XP level 3. HP: 36/36 MP: 4/4
  1180 | D:2      | Found Ybud's Distillery.
  1189 | D:2      | Bought a potion of degeneration for 11 gold pieces
  1189 | D:2      | Bought a potion of curing for 33 gold pieces
  1189 | D:2      | Bought a potion of heal wounds for 55 gold pieces
  1415 | D:3      | Reached skill level 3 in Fighting
  1435 | D:3      | Reached XP level 4. HP: 39/45 MP: 5/5
  1509 | D:3      | Found a faded altar of an unknown god.
  1659 | D:3      | Noticed Ijyb
  1676 | D:3      | Killed Ijyb
  2260 | D:3      | Found a shimmering blue altar of Sif Muna.
  2265 | D:3      | Learned a level 3 spell: Mephitic Cloud
  2362 | D:3      | Found Nuloitso's Assorted Antiques.
  2366 | D:3      | Bought a scroll labelled RAETIA KEYCORI for 22 gold pieces
  2592 | D:4      | Reached XP level 5. HP: 54/54 MP: 6/6
  2694 | D:4      | Reached skill level 4 in Fighting
  2931 | D:4      | Reached XP level 6. HP: 41/63 MP: 7/7
  3376 | D:4      | Found a shimmering altar of Xom.
  3461 | D:4      | Reached skill level 5 in Fighting
  3692 | D:5      | Entered Level 5 of the Dungeon
  3825 | D:5      | Noticed an ice beast
  3847 | D:5      | Killed an ice beast
  3958 | D:5      | Reached XP level 7. HP: 71/72 MP: 8/8
  5009 | D:5      | Found a glowing silver altar of Zin.
  5257 | D:5      | Reached skill level 6 in Fighting
  5618 | D:6      | Found a hide-covered altar of Uskayaw.
  5778 | D:6      | Found a blossoming altar of Fedhas.
  5798 | D:6      | Noticed a yak
  5798 | D:6      | Noticed a yak
  5798 | D:6      | Noticed a yak
  5799 | D:6      | Noticed a yak
  5799 | D:6      | Noticed a yak
  5800 | D:6      | Noticed a yak
  5902 | D:6      | Found an iron altar of Okawaru.
  5956 | D:6      | Killed a yak
  5957 | D:6      | Reached XP level 8. HP: 47/84 MP: 7/9
  6283 | D:4      | Killed a yak
  6284 | D:4      | Reached skill level 7 in Fighting
  6284 | D:4      | Reached skill level 5 in Dodging
  6496 | D:5      | Killed a yak
  6620 | D:6      | Reached skill level 5 in Unarmed Combat
  6771 | D:5      | Killed a yak
  6772 | D:5      | Reached skill level 8 in Fighting
  7439 | D:7      | Identified the of Ganegrud
  7794 | D:7      | Found an ancient bone altar of Kikubaaqudgha.
  7835 | D:7      | Found a radiant altar of Vehumet.
  7861 | D:7      | Reached XP level 9. HP: 55/76 MP: 10/10
  8032 | D:7      | Identified the +9 hand axe "Leria" {flame, rN+ Will+ Int+3}
  8044 | D:7      | HP: 1/75 [orc priest/the +9 hand axe "Leria" {flame, rN+
                  | Will+ Int+3} (11)]
  8044 | D:7      | Slain by an orc priest

Illustrated notes

Levels and vault maps discovered:
D:1:      lemuel_arrival_lava_pool, layout_basic
D:2:      layout_loops_cross, serial_shops, shop
D:3:      layout_loops_ring, mainiacjoe_overflow_paths,
          ebering_ecumenical_altar_hall, serial_shops,
          nicolae_shop_behind_doors, uniq_ijyb
D:4:      layout_basic, nicolae_overflow_crystal_walls
D:5:      layout_basic, zin_academy, minivault_26, grunt_ministairs_5,
          chequers_serial_rivers_small_b, chequers_serial_rivers_small_b,
          st_stairs_12
D:6:      cheibrodos_helix_gallery, layout_loops_cross,
          mainiacjoe_overflow_boulevard, okawaru_metal_pillars_1_2,
          lemuel_tele_altar
D:7:      layout_gridville, mainiacjoe_overflow_cross_hatched,
          old_standard_altar, minmay_temple_entry_large_hall

Skill      XL: |  1  2  3  4  5  6  7  8 |
---------------+-------------------------+-----
Dodging        | 2 3 4 6 |  6.1
Fighting       | 2 3 4 5 6 8 |  8.6
Unarmed Combat | 1 2 3 4 5 |  5.7
Ranged Weapons | |  1.3
Spellcasting   | |  1.2
Hexes          | |  2.6
Fire Magic     | |  0.8

Action                     |  1- 3 |  4- 6 |  7- 9 || total
---------------------------+-------+-------+-------++-------
   Fire: Sling             |   140 |   187 |   231 ||   558
   Cast: Jinxbite          |     1 |    16 |    41 ||    58
  Evoke: Wand              |       |       |    13 ||    13
    Use: Scroll            |       |     6 |     8 ||    14
         Potion            |       |     6 |     3 ||     9
 Armour: Robe              |    43 |   149 |   181 ||   373
  Dodge: Dodged            |    45 |    89 |   106 ||   240

Table legend: (Time is in decaauts)
 A = Elapsed time spent in this place.
 B = Non-inter-level travel time spent in this place.
 C = Inter-level travel time spent in this place.
 D = Time resting spent in this place.
 E = Time spent auto-exploring this place.
 F = Levels seen in this place.
 G = Mean time per level.
                   A        B        C        D        E       F      G
               +--------+--------+--------+--------+--------+-----+--------+
         Total |   8234 |   7915 |    319 |   2072 |   4249 |   7 | 1176.3 |
       Dungeon |   8234 |   7915 |    319 |   2072 |   4249 |   7 | 1176.3 |
               +--------+--------+--------+--------+--------+-----+--------+

Top non-repeatable levels by time:
     D:5: 2455 daAuts
     D:6: 1454 daAuts
     D:3: 1278 daAuts
     D:4: 1255 daAuts
     D:1: 820 daAuts
     D:2: 630 daAuts
     D:7: 338 daAuts
